 Dungeon Crawl Stone Soup version bcrawl-1.12-5-g74a5124548 (webtiles) character file.

Game seed: 8684261342560664704

54609 xoxolimbo the Scorcher (level 14, -22/76 HPs)
             Began as a Fairy Fire Elementalist on May 31, 2019.
             Was a High Priest of Vehumet.
             Killed from afar by a hell hog (41 damage)
             ... with a fireball
             ... on level 3 of the Abyss.
             The game lasted 00:48:16 (20643 turns).

xoxolimbo the Scorcher (Fairy Fire Elementalist)   Turns: 20643, Time: 00:48:17

Health: -22/76     AC: 12    Str:  6    XL:     14   Next: 73%
Magic:  30/31      EV: 24    Int: 27    God:    Vehumet [*****.]
Gold:   1815       SH: 19    Dex: 20    Spells: 18/36 levels left

rFire    . . .     SeeInvis .   m - +8 short sword of Death {drain, rC+ Dex+6}
rCold    + + .     Gourm    .   N - +0 shield
rNeg     . . .     Faith    .   (armour unavailable)
rPois    .         Spirit   .   E - +1 helmet
rElec    .         Reflect  .   D - +2 cloak
rCorr    .         Harm     .   (no gloves)
MR       +....                  (no boots)
Stlth    +.........             t - amulet of magic regeneration
HPRegen  0.00/turn              y - ring of protection from cold
MPRegen  0.47/turn              U - +4 ring of intelligence

@: lethally poisoned (-22 -> -23), flying evasively, very slightly contaminated,
non-regenerating, mildly diseased
A: small, magic attunement, unstealthy, unfitting armour, [frail 2], able to
fly, AC/SH +7
a: Stop Flying, Renounce Religion


You were on level 3 of the Abyss.
You worshipped Vehumet.
Vehumet was extremely pleased with you.
You were hungry.

You visited 3 branches of the dungeon, and saw 18 of its levels.
You visited the Abyss 1 time.
You also visited: Sewer.

You collected 1815 gold pieces.

Inventory:

Hand Weapons
 m - the +8 short sword of Death (weapon) {drain, rC+ Dex+6}
   (You found it on level 9 of the Dungeon)

   A truly terrible weapon, it drains the life of those it strikes.
   It affects your dexterity (+6).
   It protects you from cold.
 v - a +1 blowgun
Missiles
 O - 2 throwing nets (quivered) {!f}
Armour
 D - a +2 cloak (worn)
 E - a +1 helmet (worn)
 N - a +0 shield (worn)
Jewellery
 h - an uncursed ring of see invisible
 p - an uncursed ring of insulation
 t - an amulet of magic regeneration (around neck)
 y - a ring of protection from cold (left hand)
 U - a +4 ring of intelligence (right hand)
Wands
 J - a wand of iceblast (13)
Scrolls
 a - a scroll of enchant armour
 g - a scroll of enchant weapon
 j - 9 scrolls of remove curse
 l - a scroll of identify
 n - 9 scrolls of teleportation
 q - 6 scrolls of magic mapping
 s - 2 scrolls of fear
 x - a scroll of fog
 G - 2 scrolls of blinking
Potions
 c - 3 potions of ambrosia
 d - 3 potions of haste
 f - 2 potions of invisibility
 k - a potion of mutation {unknown}
 z - 8 potions of curing
 C - a potion of cancellation
 H - 2 potions of heal wounds
 L - 3 potions of degeneration {unknown}
 M - a potion of flight {unknown}
Miscellaneous
 e - a fan of gales
 i - a phantom mirror
 I - a sack of spiders
Comestibles
 b - 28 rations {!d}


   Skills:
 + Level 8.7 Fighting
 - Level 10.0 Dodging
 - Level 1.9 Stealth
 + Level 9.5 Shields
 + Level 11.6 Spellcasting
 * Level 15.3 Conjurations
 * Level 15.6 Fire Magic


You had 18 spell levels left.
You knew the following spells:

 Your Spells              Type           Power        Failure   Level  Hunger
a - Flame Tongue          Conj/Fire      #####        0%          1    None
b - Conjure Flame         Conj/Fire      #######.     1%          3    None
c - Fireball              Conj/Fire      #######...   1%          5    None
d - Iskenderun's Mystic   Conj           #######.     1%          3    None
e - Sticky Flame          Conj/Fire      #######.     1%          4    None
f - Searing Ray           Conj           ######       1%          2    None

Your spell library contained the following spells:

 Spells                   Type           Power        Failure   Level  Hunger
 Olgreb's Toxic Radiance  Pois           ###.....     26%         4    None
 Magic Dart               Conj           ####         0%          1    None
 Inner Flame              Hex/Fire       ######..     1%          3    None
 Fulminant Prism          Conj/Hex       ######....   1%          4    None
 Sandblast                Erth           ###...       3%          1    None
 Irradiate                Conj/Tmut      ######....   3%          5    None
 Apportation              Tloc           ###...       11%         1    None
 Corona                   Hex            ###....      11%         1    None
 Infusion                 Chrm           ###.....     11%         1    None
 Slow                     Hex            ###.....     11%         1    None
 Summon Butterflies       Summ           ###.....     11%         1    None
 Shackle                  Hex            ###.....     16%         2    None
 Yara's Violent Unravell  Hex/Tmut       ###.......   26%         4    None
 False Image              Hex/Summ       ###.....     30%         3    None
 Cause Fear               Hex            ###.......   71%         4    None


Dungeon Overview and Level Annotations

Branches:
Dungeon (11/12)            Temple (1/1) D:4            Lair (6/6) D:8
 Shoals (0/3) Lair:3       Spider (0/3) Lair:4        Slime (0/5) Lair:5
    Orc: D:8-11      Vaults: D:11-12

Altars:
Ashenzari
Cheibriados
Dithmenos
Elyvilon
Fedhas
Gozag
Hepliaklqana
Kikubaaqudgha
Lugonu
Makhleb
Nemelex Xobeh
Okawaru
Qazlal
Ru
Sif Muna
Trog
Uskayaw
Vehumet
Wu Jian
Xom
Yredelemnul
Zin
The Shining One

Shops:
D:8 :

Annotations:
D:7 exclusion: statue
D:11 3 runed translucent doors, ProzacElf's ghost, journeyman SpAE
Lair:6 2 runed doors


Innate Abilities, Weirdness & Mutations

Your spells do not cause hunger and MP costs are reduced by 1.
Your bright wings attract enemies. (Stealth-)
You cannot fit into any form of body armour.
Your shimmering scales are hard and can block incoming attacks. (AC +7, SH +7)
You are small and have problems with some larger weapons.
You can fly continuously.
[You are very frail. (-20% HP)]


Message History

You feel sick.
You feel sick.
Found 121 arrows.
Found a gateway leading out of the Abyss.
Okay, then.
As you read the scroll of teleportation, it crumbles to dust.
You feel strangely stable.
You feel sick.
A thrashing horror comes into view.
Blink to where?
Press: ? - help, Dir - move target cursor Really blink into that cloud of mutagenic fog?
You are very lightly contaminated with residual magic.
As you read the scroll of blinking, it crumbles to dust.
A hell hog comes into view.
You are engulfed in mutagenic fog.
The mutagenic energy flows into you. The hell hog breathes fire at you.
The fireball explodes!
The fireball engulfs you!
Ouch! That really hurt!
You die...

.#.. #######... . ....
#.... ..# .§ .#.
.....#.# #.## #.. .
.......###... ## #.. h.
... ... ...###. .. #.?#
...>...#.# ..##.#.#... .
......NN...N#.#§§§§#....
...#..D#§# #..§§@§..#
.....# #.##.>##§§§§..#
#......### §§§#§§###
###### 3.# #§§§#### ≈≈≈≈
≈≈#####..#. .≈
≈≈≈≈#.##§(#.#
≈≈≈≈≈≈..#....##
.≈≈.....#...#
.......#####.#


You could see a hell hog and a naga.

Vanquished Creatures
  Nessos (Lair:4)
  4 hydras (Lair:6)
  A thrashing horror (Abyss:3)
  Nergalle (Lair:4)
  A wretched star (Abyss:3)
  A fire crab (Lair:6)
  An unseen horror (D:10)
  A deep elf archer (D:9)
  A necromancer (D:11)
  An orc knight (D:6)
  A salamander (Abyss:3)
  A large abomination (Abyss:3)
  9 oklob plants
  A worldbinder (Abyss:3)
  A rust devil (Abyss:3)
  20 elephants
  A guardian serpent (Abyss:3)
  7 black mambas
  A torpor snail (Lair:3)
  2 molten gargoyles (Lair:6)
  14 rime drakes
  11 komodo dragons
  11 cane toads
  A demonic crawler (Lair:4)
  An ancient zyme (Abyss:3)
  3 polar bears
  3 trolls
  Grinder (D:4)
  A blink frog (Lair:6)
  2 dream sheep (Lair:3)
  6 hippogriffs
  A wraith (D:10)
  A shadow (D:10)
  3 wyverns (Lair:6)
  Eustachio (D:6)
  9 basilisks
  27 yaks
  8 steam dragons
  13 humans (D:11)
  4 hungry ghosts
  An acid dragon (Lair:3)
  3 wargs (D:8)
  A soldier ant (D:10)
  4 hell hounds (Lair:6)
  6 porcupines
  Duvessa (D:7)
  6 water moccasins
  5 orc warriors
  3 sky beasts
  An eye of draining (shapeshifter) (D:10)
  Purgy (Sewer)
  An ice beast (D:7)
  A black bear (Lair:2)
  6 ogres
  8 wolves (Lair:3)
  3 centaurs
  6 crocodiles
  Blork the orc (D:6)
  4 big kobolds
  A small abomination (Abyss:3)
  12 bullfrogs
  Dowan (D:7)
  A wyvern skeleton (D:9)
  8 scorpions
  6 killer bees (D:9)
  7 wights
  7 electric eels
  3 crimson imps
  A bullfrog zombie (D:8)
  5 lava snakes (Lair:6)
  7 orc priests
  3 jellies
  4 hounds
  11 orc wizards
  A bullfrog skeleton (D:3)
  2 centaur skeletons
  An iguana (D:10)
  7 worker ants
  8 gnolls
  11 adders
  2 howler monkey skeletons
  2 river rats (D:6)
  2 shadow imps
  6 worms
  2 dart slugs
  7 leopard geckos
  33 orcs
  4 ball pythons
  4 giant cockroaches
  8 goblins
  11 hobgoblins
  7 jackals
  68 kobolds
  3 quokkas
  4 bats
  3 frilled lizards (D:2)
  6 rats
  4 fungi
  2 plants (Lair:6)
525 creatures vanquished.

Vanquished Creatures (others)
  A rime drake (Lair:3)
  5 bushes (Lair:6)
  10 fungi
  11 plants
27 creatures vanquished.

Grand Total: 552 creatures vanquished

Notes
Turn   | Place    | Note
-------+----------+-------------------------------------------
     0 | D:1      | xoxolimbo the Fairy Fire Elementalist began the quest for
                  | the Orb.
     0 | D:1      | Reached XP level 1. HP: 11/11 MP: 6/6
     6 | D:1      | Noticed a polar bear
     6 | D:1      | Noticed a hound
    68 | D:1      | Noticed a wyvern
    86 | D:1      | Reached XP level 2. HP: 13/17 MP: 7/7
   629 | D:1      | Reached XP level 3. HP: 21/21 MP: 9/9
   980 | D:2      | Found a shattered altar of Ashenzari.
  1039 | D:2      | Learned a level 3 spell: Conjure Flame
  1206 | D:2      | Found a white marble altar of Elyvilon.
  1217 | D:2      | Reached XP level 4. HP: 27/27 MP: 10/10
  1707 | D:2      | Found a stormy altar of Qazlal.
  1707 | D:2      | Found a sparkling altar of Nemelex Xobeh.
  1715 | D:2      | Found a burning altar of Makhleb.
  1779 | D:2      | Found a bloodstained altar of Trog.
  1826 | D:2      | Learned a level 4 spell: Sticky Flame
  1930 | D:3      | Reached XP level 5. HP: 32/32 MP: 12/12
  2050 | D:3      | Reached skill level 1 in Fighting
  2170 | D:3      | Noticed a big kobold
  2213 | D:3      | Killed a big kobold
  2213 | D:3      | Reached skill level 5 in Fire Magic
  2213 | D:3      | Reached XP level 6. HP: 17/38 MP: 10/13
  3080 | D:4      | Found a staircase to the Ecumenical Temple.
  3113 | Temple   | Entered the Ecumenical Temple
  3278 | D:4      | Reached XP level 7. HP: 44/44 MP: 11/15
  3324 | D:3      | Learned a level 5 spell: Fireball
  3351 | D:4      | Found a transporter.
  3388 | D:4      | Found a transporter.
  4038 | D:4      | Noticed Grinder
  4044 | D:4      | Killed Grinder
  4044 | D:4      | Reached skill level 5 in Dodging
  4044 | D:4      | Reached skill level 5 in Conjurations
  4791 | D:4      | Reached XP level 8. HP: 20/51 MP: 17/17
  5232 | D:5      | Entered Level 5 of the Dungeon
  5248 | D:5      | Reached skill level 5 in Spellcasting
  6044 | D:6      | Reached XP level 9. HP: 55/57 MP: 15/19
  6062 | D:6      | Noticed Eustachio
  6104 | D:6      | Killed Eustachio
  6150 | D:6      | Found a glowing drain.
  6170 | Sewer    | Entered a sewer
  6175 | Sewer    | Noticed Purgy
  6183 | Sewer    | Killed Purgy
  6648 | D:6      | Noticed Blork the orc
  6657 | D:6      | Killed Blork the orc
  6759 | D:6      | Found a hazy altar of Hepliaklqana.
  6851 | D:6      | Noticed an orc knight
  6868 | D:6      | Killed an orc knight
  6868 | D:6      | Reached XP level 10. HP: 51/65 MP: 14/22
  7478 | D:7      | Noticed a +0 hand axe
  7479 | D:7      | Noticed a +0 dagger
  7492 | D:7      | Found a hide-covered altar of Uskayaw.
  7612 | D:7      | Noticed Dowan
  7612 | D:7      | Noticed Duvessa
  7631 | D:7      | Killed Duvessa
  7638 | D:7      | Killed Dowan
  7709 | D:7      | Found a radiant altar of Vehumet.
  7725 | D:7      | Became a worshipper of Vehumet
  7949 | D:7      | Reached skill level 1 in Shields
  8006 | D:7      | Reached skill level 10 in Fire Magic
  8254 | D:8      | Found Suer's Book Shop.
  8352 | D:8      | Found a staircase to the Lair.
  8400 | D:8      | Reached skill level 5 in Fighting
  8404 | D:8      | Reached * piety under Vehumet
  8404 | D:8      | Offered knowledge of Freeze by Vehumet.
  9158 | D:9      | Reached skill level 10 in Conjurations
  9765 | D:9      | Reached XP level 11. HP: 54/72 MP: 22/24
 10140 | D:9      | Noticed a deep elf archer
 10167 | D:9      | Killed a deep elf archer
 10209 | D:9      | Reached ** piety under Vehumet
 10209 | D:9      | Offered knowledge of Searing Ray by Vehumet.
 10276 | D:9      | Got a dazzling short sword
 10678 | Lair:1   | Entered Level 1 of the Lair of Beasts
 10681 | Lair:1   | Identified the +8 short sword of Death {drain, rC+ Dex+6}
                  | (You found it on level 9 of the Dungeon)
 10935 | Lair:1   | Learned a level 2 spell: Searing Ray
 12062 | Lair:3   | Found a staircase to the Shoals.
 12690 | Lair:3   | Reached skill level 5 in Shields
 12690 | Lair:3   | Reached XP level 12. HP: 60/79 MP: 12/26
 12698 | Lair:3   | Offered knowledge of Static Discharge by Vehumet.
 12742 | Lair:3   | Reached skill level 10 in Dodging
 13092 | Lair:3   | Reached *** piety under Vehumet
 14188 | Lair:4   | Noticed Nessos
 14204 | Lair:4   | Offered knowledge of Stone Arrow by Vehumet.
 14209 | Lair:4   | Killed Nessos
 14305 | Lair:4   | Found a hole to the Spider Nest.
 14359 | Lair:4   | Reached XP level 13. HP: 64/86 MP: 23/28
 14603 | Lair:4   | Reached skill level 10 in Spellcasting
 14720 | Lair:4   | Noticed Nergalle
 14728 | Lair:4   | Killed Nergalle
 15083 | Lair:5   | Reached **** piety under Vehumet
 15885 | Lair:5   | Found a staircase to the Slime Pits.
 16152 | Lair:6   | Entered Level 6 of the Lair of Beasts
 16163 | Lair:6   | Offered knowledge of Lee's Rapid Deconstruction by Vehumet.
 16491 | Lair:6   | Learned a level 3 spell: Iskenderun's Mystic Blast
 16626 | Lair:6   | Noticed a fire dragon
 16627 | Lair:6   | Found a large runed door.
 16627 | Lair:6   | Found a large runed door.
 16801 | Lair:6   | Reached ***** piety under Vehumet
 16999 | Lair:6   | Offered knowledge of Olgreb's Toxic Radiance by Vehumet.
 17189 | Lair:6   | Reached XP level 14. HP: 94/94 MP: 26/31
 17567 | Lair:6   | Reached skill level 15 in Fire Magic
 19223 | D:10     | Entered Level 10 of the Dungeon
 19646 | D:10     | Reached skill level 15 in Conjurations
 20284 | D:11     | Found a runed translucent gate.
 20284 | D:11     | Found a runed translucent gate.
 20284 | D:11     | Found a runed translucent gate.
 20285 | D:11     | Noticed ProzacElf's ghost (journeyman SpAE)
 20447 | D:11     | Cast into level 3 of the Abyss (a wizard)
 20458 | Abyss:3  | Found a corrupted altar of Lugonu.
 20481 | Abyss:3  | Noticed a tentacled starspawn
 20625 | Abyss:3  | Noticed a bone dragon
 20643 | Abyss:3  | Killed from afar by a hell hog

Skill      XL: |  1  2  3  4  5  6  7  8  9 10 11 12 13 14 |
---------------+-------------------------------------------+-----
Dodging        | 3 4 5 6 7 8 9 10 | 10.0
Spellcasting   | 3 4 5 6 7 8 9 11 | 11.6
Fire Magic     | 4 5 6 7 9 10 12 13 14 15 | 15.6
Conjurations   | 2 3 4 5 7 8 10 11 13 14 15 | 15.3
Fighting       | 1 2 3 4 5 6 7 8 |  8.7
Shields        | 3 5 6 8 9 |  9.5
Stealth        | |  1.9

Action                   |  1- 3 |  4- 6 |  7- 9 | 10-12 | 13-15 || total
-------------------------+-------+-------+-------+-------+-------++-------
Melee: Hand axe          |     1 |     1 |   179 |    24 |       ||   205
       Short sword       |       |       |       |   102 |    71 ||   173
 Cast: Flame Tongue      |    79 |   153 |   162 |   203 |   100 ||   697
       Conjure Flame     |       |     3 |     3 |     9 |     2 ||    17
       Sticky Flame      |       |     3 |    24 |   111 |    74 ||   212
       Fireball          |       |       |     2 |    34 |   109 ||   145
       Iskenderun's Myst |       |       |       |       |    76 ||    76
Evoke: Wand              |       |       |       |     2 |       ||     2
  Use: Scroll            |       |       |       |    10 |    18 ||    28
       Potion            |       |       |       |     7 |     1 ||     8
  Eat: Chunk             |     1 |     4 |     9 |    25 |    12 ||    51
       Ration            |       |       |     2 |       |     2 ||     4
Armor: Skin              |     6 |    13 |    34 |    34 |    39 ||   126
Dodge: Dodged            |    25 |    71 |   204 |   251 |   148 ||   699
Block: Other             |     7 |    26 |    63 |     2 |       ||    98
       Shield            |       |       |       |   317 |   239 ||   556
